Canucks vs Avalanche

Created - February 18 2011 at 18:35

Goals
1 2 3 T
Canucks 0 3 0 3
Avalanche 0 1 3 4
Shots
1 2 3 T
Canucks 14 14 13 41
Avalanche 7 7 12 26

Period #1

No Goal

Penalties :
Wade Redden (COL) for Unsportsmanlike conduct (Major / Game Misconduct) at 1:58, Troy Brouwer (COL) for Holding (Minor) at 11:30, Martin Hanzal (VAN) for Hooking (Minor) at 18:02

Period #2

1. Canucks , David Backes 19 (Loui Eriksson, Joe Thornton) at 1:03
2. Canucks , Joe Thornton 17 (Duncan Keith, Loui Eriksson) at 4:09 (PP)
3. Avalanche , Marcel Goc 7 (Kevin Klein, Kris Versteeg) at 4:48
4. Canucks , David Backes 20 (Joe Thornton, Fedor Tyutin) at 13:43

Penalties :
Cal Clutterbuck (COL) for Fighting (Major) at 3:01, Corey Perry (VAN) for Fighting (Major) at 3:01, Kevin Klein (COL) for Hooking (Minor) at 3:53, Milan Lucic (VAN) for Interference (Minor) at 4:14, Martin Hanzal (VAN) for Hooking (Minor) at 7:22, T.J. Oshie (COL) for Tripping (Minor) at 9:27, Cal Clutterbuck (COL) for Roughing (Minor) at 14:26, Cal Clutterbuck (COL) for Roughing (Double Minor) at 16:49, Martin Hanzal (VAN) for Cross-checking (Minor) at 17:16

Period #3

5. Avalanche , Tyler Bozak 20 (Joe Corvo, Dustin Penner) at 4:48 (PP)
6. Avalanche , Mike Knuble 25 (Joe Corvo, Tyler Bozak) at 8:32
7. Avalanche , Troy Brouwer 10 (Kevin Klein, T.J. Oshie) at 14:03

Penalties :
Martin Hanzal (VAN) for Boarding (Minor) at 1:01, David Backes (VAN) for Boarding (Minor) at 3:41, Kevin Klein (COL) for Diving (Minor) at 8:49, David Backes (VAN) for Tripping (Minor) at 19:26

Goalie Stats

Henrik Lundqvist (VAN), 22 saves from 26 shots - (0.846), L, 17-14-3, 60:00 minutes
Antti Niemi (COL), 38 saves from 41 shots - (0.927), W, 18-15-2, 60:00 minutes

Players Stats

Canucks
Player Name              G  A  P  +/- PIM S  H  SB FO    MP 
------------------------------------------------------------
Brandon Sutter           0  0  0   0  0   2  0  0  6/15  13 
Brooks Laich             0  0  0   0  0   0  3  0  1/2   16 
Corey Perry              0  0  0   0  5   10 1  0  1/1   19 
David Backes             2  0  2   2  4   5  4  0  0/1   20 
Dmitry Kulikov           0  0  0  -1  0   0  0  0  0/0   8  
Duncan Keith             0  1  1  -1  0   5  0  2  0/0   23 
Erik Karlsson            0  0  0   0  0   1  0  0  0/0   15 
Fedor Tyutin             0  1  1   2  0   1  0  1  0/0   19 
Ian White                0  0  0  -2  0   2  0  0  0/0   20 
Jay McClement            0  0  0  -1  0   0  0  0  8/16  11 
Joe Thornton             1  2  3   2  0   5  1  0  16/31 21 
Loui Eriksson            0  2  2   2  0   2  0  0  2/2   19 
Martin Hanzal            0  0  0  -3  8   0  1  0  10/17 13 
Matthew Carle            0  0  0   2  0   2  1  1  0/0   22 
Mike Komisarek           0  0  0  -2  0   0  1  1  0/0   14 
Milan Lucic              0  0  0   0  2   1  2  0  3/5   11 
Tomas Holmstrom          0  0  0  -2  0   4  0  0  0/0   12 
Valtteri Filppula        0  0  0  -3  0   1  0  0  0/1   16 
Avalanche
Player Name              G  A  P  +/- PIM S  H  SB FO    MP 
------------------------------------------------------------
Brian Gionta             0  0  0   1  0   4  1  0  4/7   19 
Cal Clutterbuck          0  0  0   0  11  1  2  0  0/0   13 
Dustin Penner            0  1  1   1  0   2  0  0  0/2   16 
Joe Corvo                0  2  2   1  0   0  2  0  0/0   22 
Joni Pitkanen            0  0  0   0  0   1  1  2  0/0   23 
Kevin Klein              0  2  2   0  4   0  0  2  0/0   12 
Kris Versteeg            0  1  1   1  0   0  0  0  0/1   13 
Marcel Goc               1  0  1   1  0   1  0  0  5/14  9  
Mike Knuble              1  0  1   1  0   4  0  0  2/2   18 
Niclas Wallin            0  0  0   0  0   0  4  0  0/0   19 
T.J. Galiardi            0  0  0  -1  0   0  0  1  10/23 17 
T.J. Oshie               0  1  1  -1  2   1  0  2  0/0   9  
Trevor Daley             0  0  0   1  0   0  0  4  0/0   24 
Troy Brouwer             1  0  1  -1  2   3  3  1  1/1   18 
Tyler Bozak              1  1  2   1  0   4  3  0  16/21 17 
Vaclav Prospal           0  0  0   0  0   4  3  2  6/19  19 
Wade Redden              0  0  0   0  15  0  1  0  0/0   1  
Wojtek Wolski            0  0  0   0  0   1  0  0  0/1   13 

3 Stars

1 - Joe Thornton (VAN)
2 - David Backes (VAN)
3 - Tyler Bozak (COL)

Power Play

Canucks - 1 on 7 Attempt(s) - 14.29%
Avalanche - 1 on 7 Attempt(s) - 14.29%

Penalty Kill

Canucks - 6 on 7 Attempt(s) - 85.71% - Score 0 goal in Penalty Kill
Avalanche - 6 on 7 Attempt(s) - 85.71% - Score 0 goal in Penalty Kill

Game Notes

Wade Redden ejected from game at 1:58 of 1st period
Wade Redden from Avalanche is suspended for 1 game(s)
Cal Clutterbuck beats up Corey Perry at 3:01 of 2nd period

Finance

Level 1 -- Attendance: 5849 (89.98%) -- Ticket Income $526,410.00
Level 2 -- Attendance: 3919 (78.38%) -- Ticket Income $235,140.00
Level 3 -- Attendance: 2559 (73.11%) -- Ticket Income $89,565.00
Level 4 -- Attendance: 1668 (83.11%) -- Ticket Income $41,700.00
Luxury Box -- Attendance: 1000 (100.00%) -- Ticket Income $190,000.00
Game was played at the Pepsi Center
Total Attendance: 14995 (83.27%)
Total Ticket Income: $1,127,093.00
Other Income: $177,201.30
Total Income: $1,304,294.00


Play by Play

Period #1

0:01 of 1st period - Joe Thornton wins face-off versus Vaclav Prospal in neutral zone.
0:04 of 1st period - Shot by Matthew Carle.
0:04 of 1st period - Shot Hit the Post.
0:08 of 1st period - Shot by Joe Thornton.
0:08 of 1st period - Stopped by Antti Niemi without a rebound.
0:09 of 1st period - Tyler Bozak wins face-off versus Brandon Sutter in Avalanche zone.
0:09 of 1st period - Tyler Bozak is hit by Brooks Laich.
0:14 of 1st period - Off-side.
0:15 of 1st period - Joe Thornton wins face-off versus Vaclav Prospal in neutral zone.
0:15 of 1st period - Fedor Tyutin is hit by Vaclav Prospal.
0:32 of 1st period - Joni Pitkanen is hit by David Backes.
0:46 of 1st period - Shot by Loui Eriksson.
0:46 of 1st period - Shot Misses the Net.
0:48 of 1st period - Shot by Loui Eriksson.
0:48 of 1st period - Shot Misses the Net.
1:10 of 1st period - Shot by Corey Perry.
1:10 of 1st period - Stopped by Antti Niemi without a rebound.
1:11 of 1st period - Tyler Bozak wins face-off versus Martin Hanzal in Avalanche zone.
1:28 of 1st period - Mike Komisarek is hit by Tyler Bozak and loses puck.
1:34 of 1st period - Ian White is hit by Wade Redden and loses puck.
1:38 of 1st period - Martin Hanzal is hit by Joe Corvo and loses puck.
1:58 of 1st period - Major / Game Misconduct Penalty to Wade Redden for Unsportsmanlike conduct.
1:58 of 1st period - Wade Redden is ejected from game.
1:59 of 1st period - T.J. Galiardi wins face-off versus Joe Thornton in Avalanche zone.
2:35 of 1st period - Shot by Duncan Keith.
2:35 of 1st period - Stopped by Antti Niemi without a rebound.
2:36 of 1st period - T.J. Galiardi wins face-off versus Brandon Sutter in Avalanche zone.
2:51 of 1st period - Joe Corvo is hit by David Backes and loses puck.
3:02 of 1st period - Shot by Brandon Sutter.
3:02 of 1st period - Stopped by Antti Niemi without a rebound.
3:03 of 1st period - T.J. Galiardi wins face-off versus Joe Thornton in Avalanche zone.
3:03 of 1st period - T.J. Galiardi is hit by Joe Thornton.
3:18 of 1st period - Icing by Duncan Keith.
3:19 of 1st period - Joe Thornton wins face-off versus T.J. Galiardi in Canucks zone.
3:28 of 1st period - Shot by Joe Thornton.
3:28 of 1st period - Stopped by Antti Niemi with a rebound.
4:00 of 1st period - Shot by Ian White.
4:00 of 1st period - Stopped by Antti Niemi with a rebound.
4:02 of 1st period - Shot by Matthew Carle.
4:02 of 1st period - Stopped by Antti Niemi without a rebound.
4:03 of 1st period - T.J. Galiardi wins face-off versus Brandon Sutter in Avalanche zone.
4:14 of 1st period - T.J. Galiardi is hit by David Backes and loses puck.
5:53 of 1st period - Shot by Fedor Tyutin.
5:53 of 1st period - Shot Blocked by Vaclav Prospal.
5:55 of 1st period - Shot by Milan Lucic.
5:55 of 1st period - Stopped by Antti Niemi without a rebound.
5:56 of 1st period - Brandon Sutter wins face-off versus Brian Gionta in Avalanche zone.
7:06 of 1st period - Off-side.
7:07 of 1st period - Tyler Bozak wins face-off versus Martin Hanzal in neutral zone.
7:10 of 1st period - Valtteri Filppula is hit by Tyler Bozak and loses puck.
7:17 of 1st period - Dustin Penner is hit by Martin Hanzal and loses puck.
7:26 of 1st period - Shot by Tomas Holmstrom.
7:26 of 1st period - Stopped by Antti Niemi without a rebound.
7:27 of 1st period - Corey Perry wins face-off versus T.J. Galiardi in Avalanche zone.
7:38 of 1st period - T.J. Oshie is hit by Milan Lucic and loses puck.
9:00 of 1st period - Shot by Joe Thornton.
9:00 of 1st period - Shot Misses the Net.
9:02 of 1st period - Shot by Joe Thornton.
9:02 of 1st period - Shot Blocked by Trevor Daley.
9:06 of 1st period - Shot by David Backes.
9:06 of 1st period - Shot Blocked by T.J. Oshie.
9:08 of 1st period - Shot by David Backes.
9:08 of 1st period - Stopped by Antti Niemi without a rebound.
9:09 of 1st period - Tyler Bozak wins face-off versus Brandon Sutter in Avalanche zone.
9:09 of 1st period - Tyler Bozak is hit by Brooks Laich.
9:21 of 1st period - Shot by Mike Knuble.
9:21 of 1st period - Shot Misses the Net.
9:26 of 1st period - Shot by Dustin Penner.
9:26 of 1st period - Shot Blocked by Duncan Keith.
9:30 of 1st period - Shot by Tyler Bozak.
9:30 of 1st period - Stopped by Henrik Lundqvist without a rebound.
9:31 of 1st period - Tyler Bozak wins face-off versus Joe Thornton in Canucks zone.
10:38 of 1st period - Shot by Brian Gionta.
10:38 of 1st period - Stopped by Henrik Lundqvist with a rebound.
10:40 of 1st period - Shot by Wojtek Wolski.
10:40 of 1st period - Stopped by Henrik Lundqvist without a rebound.
10:41 of 1st period - Brandon Sutter wins face-off versus Marcel Goc in Canucks zone.
10:41 of 1st period - Brandon Sutter is hit by Cal Clutterbuck.
10:56 of 1st period - Kris Versteeg is hit by Brooks Laich and loses puck.
11:02 of 1st period - Icing by Troy Brouwer.
11:03 of 1st period - Jay McClement wins face-off versus Marcel Goc in Avalanche zone.
11:03 of 1st period - Jay McClement is hit by Troy Brouwer.
11:30 of 1st period - Minor Penalty to Troy Brouwer for Holding.
11:31 of 1st period - Brandon Sutter wins face-off versus T.J. Galiardi in Avalanche zone.
11:42 of 1st period - Shot by David Backes.
11:42 of 1st period - Stopped by Antti Niemi with a rebound.
11:44 of 1st period - Shot by Ian White.
11:44 of 1st period - Shot Misses the Net.
12:32 of 1st period - Shot by Erik Karlsson.
12:32 of 1st period - Shot Blocked by Vaclav Prospal.
12:34 of 1st period - Shot by Duncan Keith.
12:34 of 1st period - Shot Misses the Net.
12:36 of 1st period - Shot by Duncan Keith.
12:36 of 1st period - Stopped by Antti Niemi without a rebound.
12:37 of 1st period - Joe Thornton wins face-off versus Marcel Goc in Avalanche zone.
13:32 of 1st period - Shot by Brandon Sutter.
13:32 of 1st period - Stopped by Antti Niemi without a rebound.
13:33 of 1st period - Martin Hanzal wins face-off versus T.J. Galiardi in Avalanche zone.
13:44 of 1st period - Shot by Tomas Holmstrom.
13:44 of 1st period - Shot Misses the Net.
13:46 of 1st period - Shot by Tomas Holmstrom.
13:46 of 1st period - Shot Blocked by T.J. Oshie.
13:50 of 1st period - Shot by Tomas Holmstrom.
13:50 of 1st period - Deflect By Valtteri Filppula.
13:50 of 1st period - Stopped by Antti Niemi without a rebound.
13:51 of 1st period - Vaclav Prospal wins face-off versus Jay McClement in Avalanche zone.
14:18 of 1st period - Duncan Keith is hit by Niclas Wallin and loses puck.
16:21 of 1st period - Shot by Wojtek Wolski.
16:21 of 1st period - Shot Misses the Net.
16:41 of 1st period - Shot by Tyler Bozak.
16:41 of 1st period - Stopped by Henrik Lundqvist without a rebound.
16:42 of 1st period - Marcel Goc wins face-off versus Brandon Sutter in Canucks zone.
16:55 of 1st period - Shot by Cal Clutterbuck.
16:55 of 1st period - Stopped by Henrik Lundqvist without a rebound.
16:56 of 1st period - Jay McClement wins face-off versus Dustin Penner in Canucks zone.
17:48 of 1st period - Shot by Troy Brouwer.
17:48 of 1st period - Stopped by Henrik Lundqvist without a rebound.
17:49 of 1st period - Martin Hanzal wins face-off versus Vaclav Prospal in Canucks zone.
17:49 of 1st period - Ian White is hit by Brian Gionta.
18:02 of 1st period - Minor Penalty to Martin Hanzal for Hooking.
18:03 of 1st period - Vaclav Prospal wins face-off versus Valtteri Filppula in Canucks zone.
19:03 of 1st period - Shot by Tyler Bozak.
19:03 of 1st period - Shot Blocked by Matthew Carle.
19:16 of 1st period - Shot by Dustin Penner.
19:16 of 1st period - Deflect By Mike Knuble.
19:16 of 1st period - Stopped by Henrik Lundqvist without a rebound.
19:17 of 1st period - Milan Lucic wins face-off versus Vaclav Prospal in Canucks zone.
19:43 of 1st period - Ian White is hit by Vaclav Prospal and loses puck.

Period #2

0:01 of 2nd period - Jay McClement wins face-off versus Wojtek Wolski in neutral zone.
1:03 of 2nd period - Shot by Loui Eriksson.
1:03 of 2nd period - Deflect By David Backes.
1:03 of 2nd period - Goal by David Backes - Canucks : 1 - Avalanche : 0.
1:04 of 2nd period - Martin Hanzal wins face-off versus Vaclav Prospal in neutral zone.
1:40 of 2nd period - Shot by Martin Hanzal.
1:40 of 2nd period - Shot Misses the Net.
1:44 of 2nd period - Shot by Valtteri Filppula.
1:44 of 2nd period - Deflect By Tomas Holmstrom.
1:44 of 2nd period - Shot Misses the Net.
2:16 of 2nd period - Shot by Loui Eriksson.
2:16 of 2nd period - Stopped by Antti Niemi without a rebound.
2:17 of 2nd period - Tyler Bozak wins face-off versus Jay McClement in Avalanche zone.
2:41 of 2nd period - Shot by Corey Perry.
2:41 of 2nd period - Stopped by Antti Niemi without a rebound.
2:42 of 2nd period - Marcel Goc wins face-off versus Brandon Sutter in Avalanche zone.
2:42 of 2nd period - Marcel Goc is hit by Corey Perry.
3:01 of 2nd period - Cal Clutterbuck beats up Corey Perry.
3:01 of 2nd period - Penalty to Cal Clutterbuck for Fighting.
3:01 of 2nd period - Penalty to Corey Perry for Fighting.
3:02 of 2nd period - Loui Eriksson wins face-off versus Tyler Bozak in Avalanche zone.
3:05 of 2nd period - Shot by Fedor Tyutin.
3:05 of 2nd period - Stopped by Antti Niemi without a rebound.
3:06 of 2nd period - Joe Thornton wins face-off versus Tyler Bozak in Avalanche zone.
3:06 of 2nd period - Loui Eriksson is hit by Joni Pitkanen.
3:53 of 2nd period - Minor Penalty to Kevin Klein for Hooking.
3:54 of 2nd period - Joe Thornton wins face-off versus T.J. Galiardi in Avalanche zone.
4:07 of 2nd period - Shot by Duncan Keith.
4:07 of 2nd period - Shot Blocked by Troy Brouwer.
4:09 of 2nd period - Shot by Joe Thornton.
4:09 of 2nd period - Goal by Joe Thornton - Canucks : 2 - Avalanche : 0.
4:10 of 2nd period - Jay McClement wins face-off versus Marcel Goc in neutral zone.
4:14 of 2nd period - Minor Penalty to Milan Lucic for Interference.
4:15 of 2nd period - Marcel Goc wins face-off versus Jay McClement in Canucks zone.
4:34 of 2nd period - Shot by Kris Versteeg.
4:34 of 2nd period - Shot Misses the Net.
4:36 of 2nd period - Shot by Marcel Goc.
4:36 of 2nd period - Deflect By Brian Gionta.
4:36 of 2nd period - Shot Blocked by Duncan Keith.
4:40 of 2nd period - Shot by Brian Gionta.
4:40 of 2nd period - Stopped by Henrik Lundqvist with a rebound.
4:42 of 2nd period - Shot by Kris Versteeg.
4:42 of 2nd period - Shot Misses the Net.
4:46 of 2nd period - Shot by Marcel Goc.
4:46 of 2nd period - Shot Misses the Net.
4:48 of 2nd period - Shot by Marcel Goc.
4:48 of 2nd period - Goal by Marcel Goc - Canucks : 2 - Avalanche : 1.
4:49 of 2nd period - Tyler Bozak wins face-off versus Brandon Sutter in neutral zone.
5:20 of 2nd period - Brooks Laich is hit by Niclas Wallin.
5:23 of 2nd period - Icing by Joe Corvo.
5:24 of 2nd period - Tyler Bozak wins face-off versus Martin Hanzal in Avalanche zone.
5:31 of 2nd period - Shot by Joe Corvo.
5:31 of 2nd period - Shot Misses the Net.
5:52 of 2nd period - Icing by T.J. Galiardi.
5:53 of 2nd period - Joe Thornton wins face-off versus T.J. Galiardi in Avalanche zone.
6:27 of 2nd period - David Backes is hit by Niclas Wallin and loses puck.
6:33 of 2nd period - Icing by Joni Pitkanen.
6:34 of 2nd period - Milan Lucic wins face-off versus Vaclav Prospal in Avalanche zone.
6:34 of 2nd period - Milan Lucic is hit by Niclas Wallin.
7:22 of 2nd period - Minor Penalty to Martin Hanzal for Hooking.
7:23 of 2nd period - Vaclav Prospal wins face-off versus Jay McClement in Canucks zone.
7:34 of 2nd period - Shot by Vaclav Prospal.
7:34 of 2nd period - Stopped by Henrik Lundqvist without a rebound.
7:35 of 2nd period - Tyler Bozak wins face-off versus Jay McClement in Canucks zone.
8:30 of 2nd period - Shot by Brian Gionta.
8:30 of 2nd period - Stopped by Henrik Lundqvist with a rebound.
8:32 of 2nd period - Shot by Joe Corvo.
8:32 of 2nd period - Shot Misses the Net.
8:36 of 2nd period - Shot by Cal Clutterbuck.
8:36 of 2nd period - Shot Blocked by Mike Komisarek.
9:14 of 2nd period - Off-side.
9:15 of 2nd period - Vaclav Prospal wins face-off versus Milan Lucic in neutral zone.
9:27 of 2nd period - Minor Penalty to T.J. Oshie for Tripping.
9:28 of 2nd period - T.J. Galiardi wins face-off versus Joe Thornton in Avalanche zone.
10:34 of 2nd period - Shot by Brandon Sutter.
10:34 of 2nd period - Shot Misses the Net.
10:38 of 2nd period - Shot by Brooks Laich.
10:38 of 2nd period - Shot Blocked by T.J. Galiardi.
10:40 of 2nd period - Shot by Ian White.
10:40 of 2nd period - Stopped by Antti Niemi without a rebound.
10:41 of 2nd period - Brandon Sutter wins face-off versus Marcel Goc in Avalanche zone.
10:41 of 2nd period - Brandon Sutter is hit by Joe Corvo.
10:55 of 2nd period - Shot by Ian White.
10:55 of 2nd period - Shot Misses the Net.
10:57 of 2nd period - Shot by David Backes.
10:57 of 2nd period - Shot Misses the Net.
11:36 of 2nd period - Shot by Dustin Penner.
11:36 of 2nd period - Stopped by Henrik Lundqvist without a rebound.
11:37 of 2nd period - Tyler Bozak wins face-off versus Martin Hanzal in Canucks zone.
11:48 of 2nd period - Shot by Mike Knuble.
11:48 of 2nd period - Shot Misses the Net.
13:05 of 2nd period - Off-side.
13:06 of 2nd period - Joe Thornton wins face-off versus T.J. Galiardi in neutral zone.
13:43 of 2nd period - Shot by Joe Thornton.
13:43 of 2nd period - Deflect By David Backes.
13:43 of 2nd period - Goal by David Backes - Canucks : 3 - Avalanche : 1.
13:44 of 2nd period - Martin Hanzal wins face-off versus Marcel Goc in neutral zone.
14:12 of 2nd period - Shot by Marcel Goc.
14:12 of 2nd period - Shot Misses the Net.
14:15 of 2nd period - Icing by Ian White.
14:16 of 2nd period - Martin Hanzal wins face-off versus Vaclav Prospal in Canucks zone.
14:26 of 2nd period - Minor Penalty to Cal Clutterbuck for Roughing.
14:27 of 2nd period - Loui Eriksson wins face-off versus T.J. Galiardi in Avalanche zone.
14:42 of 2nd period - Shot by Erik Karlsson.
14:42 of 2nd period - Stopped by Antti Niemi without a rebound.
14:43 of 2nd period - Brandon Sutter wins face-off versus Kris Versteeg in Avalanche zone.
14:43 of 2nd period - Brandon Sutter is hit by Troy Brouwer.
14:53 of 2nd period - Shot by Matthew Carle.
14:53 of 2nd period - Stopped by Antti Niemi without a rebound.
14:54 of 2nd period - Joe Thornton wins face-off versus T.J. Galiardi in Avalanche zone.
15:13 of 2nd period - Shot by Vaclav Prospal.
15:13 of 2nd period - Stopped by Henrik Lundqvist without a rebound.
15:14 of 2nd period - T.J. Galiardi wins face-off versus Brandon Sutter in Canucks zone.
15:34 of 2nd period - Shot by David Backes.
15:34 of 2nd period - Shot Misses the Net.
16:32 of 2nd period - Shot by Corey Perry.
16:32 of 2nd period - Shot Misses the Net.
16:34 of 2nd period - Shot by Dmitry Kulikov.
16:34 of 2nd period - Shot Misses the Net.
16:49 of 2nd period - Double Minor Penalty to Cal Clutterbuck for Roughing.
16:50 of 2nd period - Mike Knuble wins face-off versus Joe Thornton in Avalanche zone.
17:01 of 2nd period - Shot by Duncan Keith.
17:01 of 2nd period - Shot Misses the Net.
17:03 of 2nd period - Shot by Loui Eriksson.
17:03 of 2nd period - Shot Misses the Net.
17:05 of 2nd period - Shot by Duncan Keith.
17:05 of 2nd period - Shot Misses the Net.
17:07 of 2nd period - Shot by Duncan Keith.
17:07 of 2nd period - Stopped by Antti Niemi with a rebound.
17:09 of 2nd period - Shot by Joe Thornton.
17:09 of 2nd period - Shot Misses the Net.
17:13 of 2nd period - Shot by Corey Perry.
17:13 of 2nd period - Stopped by Antti Niemi without a rebound.
17:14 of 2nd period - Joe Thornton wins face-off versus T.J. Galiardi in Avalanche zone.
17:16 of 2nd period - Minor Penalty to Martin Hanzal for Cross-checking.
17:17 of 2nd period - Milan Lucic wins face-off versus Brian Gionta in Canucks zone.
17:48 of 2nd period - Shot by Milan Lucic.
17:48 of 2nd period - Shot Blocked by Trevor Daley.
17:55 of 2nd period - Icing by Joni Pitkanen.
17:56 of 2nd period - Brian Gionta wins face-off versus Joe Thornton in Avalanche zone.
18:32 of 2nd period - Shot by Joe Thornton.
18:32 of 2nd period - Stopped by Antti Niemi without a rebound.
18:33 of 2nd period - Brian Gionta wins face-off versus Milan Lucic in Avalanche zone.
18:40 of 2nd period - Shot by Troy Brouwer.
18:40 of 2nd period - Deflect By Vaclav Prospal.
18:40 of 2nd period - Shot Blocked by Fedor Tyutin.
18:42 of 2nd period - Shot by Troy Brouwer.
18:42 of 2nd period - Stopped by Henrik Lundqvist without a rebound.
18:43 of 2nd period - Mike Knuble wins face-off versus David Backes in Canucks zone.
19:24 of 2nd period - Shot by Loui Eriksson.
19:24 of 2nd period - Stopped by Antti Niemi without a rebound.
19:25 of 2nd period - T.J. Galiardi wins face-off versus Joe Thornton in Avalanche zone.
19:44 of 2nd period - Shot by Joe Thornton.
19:44 of 2nd period - Stopped by Antti Niemi with a rebound.

Period #3

0:01 of 3rd period - Joe Thornton wins face-off versus T.J. Galiardi in neutral zone.
0:08 of 3rd period - Shot by Duncan Keith.
0:08 of 3rd period - Deflect By Loui Eriksson.
0:08 of 3rd period - Shot Blocked by Trevor Daley.
0:57 of 3rd period - Brian Gionta is hit by Mike Komisarek and loses puck.
1:01 of 3rd period - Minor Penalty to Martin Hanzal for Boarding.
1:02 of 3rd period - Jay McClement wins face-off versus Vaclav Prospal in Canucks zone.
1:02 of 3rd period - Jay McClement is hit by Vaclav Prospal.
1:35 of 3rd period - Joe Corvo is hit by Milan Lucic and loses puck.
2:02 of 3rd period - Shot by Tyler Bozak.
2:02 of 3rd period - Stopped by Henrik Lundqvist without a rebound.
2:03 of 3rd period - Jay McClement wins face-off versus Dustin Penner in Canucks zone.
2:36 of 3rd period - Brooks Laich is hit by Tyler Bozak and loses puck.
3:26 of 3rd period - Shot by Cal Clutterbuck.
3:26 of 3rd period - Shot Misses the Net.
3:34 of 3rd period - Shot by T.J. Oshie.
3:34 of 3rd period - Stopped by Henrik Lundqvist without a rebound.
3:35 of 3rd period - Tyler Bozak wins face-off versus Joe Thornton in Canucks zone.
3:41 of 3rd period - Minor Penalty to David Backes for Boarding.
3:42 of 3rd period - Brian Gionta wins face-off versus Jay McClement in Canucks zone.
3:59 of 3rd period - Shot by Wojtek Wolski.
3:59 of 3rd period - Shot Misses the Net.
4:01 of 3rd period - Shot by Joni Pitkanen.
4:01 of 3rd period - Stopped by Henrik Lundqvist with a rebound.
4:24 of 3rd period - Icing by Tyler Bozak.
4:25 of 3rd period - Tyler Bozak wins face-off versus Martin Hanzal in Avalanche zone.
4:46 of 3rd period - Shot by Joe Corvo.
4:46 of 3rd period - Shot Misses the Net.
4:48 of 3rd period - Shot by Tyler Bozak.
4:48 of 3rd period - Goal by Tyler Bozak - Canucks : 3 - Avalanche : 2.
4:49 of 3rd period - T.J. Galiardi wins face-off versus Jay McClement in neutral zone.
5:18 of 3rd period - Shot by Milan Lucic.
5:18 of 3rd period - Shot Blocked by Trevor Daley.
5:22 of 3rd period - Shot by Corey Perry.
5:22 of 3rd period - Stopped by Antti Niemi without a rebound.
5:23 of 3rd period - Vaclav Prospal wins face-off versus Joe Thornton in Avalanche zone.
5:30 of 3rd period - Shot by Vaclav Prospal.
5:30 of 3rd period - Stopped by Henrik Lundqvist with a rebound.
5:34 of 3rd period - Shot by Brian Gionta.
5:34 of 3rd period - Stopped by Henrik Lundqvist without a rebound.
5:35 of 3rd period - Tyler Bozak wins face-off versus Martin Hanzal in Canucks zone.
5:42 of 3rd period - Shot by Mike Knuble.
5:42 of 3rd period - Stopped by Henrik Lundqvist without a rebound.
5:43 of 3rd period - Tyler Bozak wins face-off versus Joe Thornton in Canucks zone.
5:46 of 3rd period - Shot by Dustin Penner.
5:46 of 3rd period - Shot Misses the Net.
5:48 of 3rd period - Shot by Mike Knuble.
5:48 of 3rd period - Stopped by Henrik Lundqvist without a rebound.
5:49 of 3rd period - Martin Hanzal wins face-off versus Vaclav Prospal in Canucks zone.
6:04 of 3rd period - Shot by Tomas Holmstrom.
6:04 of 3rd period - Stopped by Antti Niemi without a rebound.
6:05 of 3rd period - Tyler Bozak wins face-off versus Joe Thornton in Avalanche zone.
6:11 of 3rd period - Icing by Matthew Carle.
6:12 of 3rd period - T.J. Galiardi wins face-off versus Joe Thornton in Canucks zone.
6:37 of 3rd period - T.J. Oshie is hit by Matthew Carle and loses puck.
6:59 of 3rd period - Icing by Fedor Tyutin.
7:00 of 3rd period - Tyler Bozak wins face-off versus Joe Thornton in Canucks zone.
7:03 of 3rd period - Shot by Dustin Penner.
7:03 of 3rd period - Stopped by Henrik Lundqvist without a rebound.
7:04 of 3rd period - Brandon Sutter wins face-off versus Vaclav Prospal in Canucks zone.
8:32 of 3rd period - Shot by Mike Knuble.
8:32 of 3rd period - Goal by Mike Knuble - Canucks : 3 - Avalanche : 3.
8:33 of 3rd period - T.J. Galiardi wins face-off versus Joe Thornton in neutral zone.
8:38 of 3rd period - Shot by T.J. Galiardi.
8:38 of 3rd period - Deflect By T.J. Oshie.
8:38 of 3rd period - Shot Misses the Net.
8:44 of 3rd period - Shot by Joe Thornton.
8:44 of 3rd period - Deflect By David Backes.
8:44 of 3rd period - Shot Blocked by Kevin Klein.
8:49 of 3rd period - Minor Penalty to Kevin Klein for Diving.
8:50 of 3rd period - Joe Thornton wins face-off versus T.J. Galiardi in Avalanche zone.
8:51 of 3rd period - Shot by Corey Perry.
8:51 of 3rd period - Stopped by Antti Niemi without a rebound.
8:52 of 3rd period - Marcel Goc wins face-off versus Brooks Laich in Avalanche zone.
9:04 of 3rd period - Shot by Ian White.
9:04 of 3rd period - Deflect By David Backes.
9:04 of 3rd period - Shot Misses the Net.
9:08 of 3rd period - Shot by Brooks Laich.
9:08 of 3rd period - Shot Misses the Net.
9:10 of 3rd period - Shot by Matthew Carle.
9:10 of 3rd period - Shot Misses the Net.
9:14 of 3rd period - Shot by David Backes.
9:14 of 3rd period - Stopped by Antti Niemi without a rebound.
9:15 of 3rd period - Joe Thornton wins face-off versus Marcel Goc in Avalanche zone.
9:44 of 3rd period - Shot by Duncan Keith.
9:44 of 3rd period - Stopped by Antti Niemi without a rebound.
9:45 of 3rd period - Marcel Goc wins face-off versus Brandon Sutter in Avalanche zone.
11:40 of 3rd period - Shot by Corey Perry.
11:40 of 3rd period - Shot Blocked by Kevin Klein.
11:42 of 3rd period - Shot by Duncan Keith.
11:42 of 3rd period - Stopped by Antti Niemi with a rebound.
11:46 of 3rd period - Shot by Jay McClement.
11:46 of 3rd period - Deflect By Corey Perry.
11:46 of 3rd period - Stopped by Antti Niemi without a rebound.
11:47 of 3rd period - Jay McClement wins face-off versus Tyler Bozak in Avalanche zone.
11:58 of 3rd period - Shot by Corey Perry.
11:58 of 3rd period - Shot Blocked by Joni Pitkanen.
12:02 of 3rd period - Shot by Corey Perry.
12:02 of 3rd period - Stopped by Antti Niemi with a rebound.
12:04 of 3rd period - Shot by Corey Perry.
12:04 of 3rd period - Stopped by Antti Niemi without a rebound.
12:05 of 3rd period - Joe Thornton wins face-off versus Vaclav Prospal in Avalanche zone.
13:16 of 3rd period - Shot by Corey Perry.
13:16 of 3rd period - Shot Misses the Net.
13:18 of 3rd period - Shot by Brandon Sutter.
13:18 of 3rd period - Shot Misses the Net.
13:22 of 3rd period - Shot by Corey Perry.
13:22 of 3rd period - Shot Blocked by Joni Pitkanen.
13:26 of 3rd period - Shot by Brooks Laich.
13:26 of 3rd period - Shot Misses the Net.
13:28 of 3rd period - Shot by Brandon Sutter.
13:28 of 3rd period - Shot Misses the Net.
13:30 of 3rd period - Shot by Brooks Laich.
13:30 of 3rd period - Deflect By Corey Perry.
13:30 of 3rd period - Stopped by Antti Niemi without a rebound.
13:31 of 3rd period - Martin Hanzal wins face-off versus Marcel Goc in Avalanche zone.
13:38 of 3rd period - Shot by Tomas Holmstrom.
13:38 of 3rd period - Stopped by Antti Niemi without a rebound.
13:39 of 3rd period - Martin Hanzal wins face-off versus T.J. Galiardi in Avalanche zone.
14:03 of 3rd period - Shot by Troy Brouwer.
14:03 of 3rd period - Goal by Troy Brouwer - Canucks : 3 - Avalanche : 4.
14:04 of 3rd period - Joe Thornton wins face-off versus Marcel Goc in neutral zone.
14:31 of 3rd period - Joe Thornton is hit by Cal Clutterbuck and loses puck.
15:07 of 3rd period - Icing by Dustin Penner.
15:08 of 3rd period - Martin Hanzal wins face-off versus Tyler Bozak in Avalanche zone.
15:24 of 3rd period - Off-side.
15:25 of 3rd period - Jay McClement wins face-off versus Tyler Bozak in neutral zone.
16:24 of 3rd period - Icing by Ian White.
16:25 of 3rd period - Martin Hanzal wins face-off versus Vaclav Prospal in Canucks zone.
16:30 of 3rd period - Shot by Tomas Holmstrom.
16:30 of 3rd period - Stopped by Antti Niemi without a rebound.
16:31 of 3rd period - Brooks Laich wins face-off versus Brian Gionta in Avalanche zone.
16:54 of 3rd period - Shot by Corey Perry.
16:54 of 3rd period - Stopped by Antti Niemi without a rebound.
16:55 of 3rd period - Brian Gionta wins face-off versus Martin Hanzal in Avalanche zone.
17:02 of 3rd period - Shot by Brian Gionta.
17:02 of 3rd period - Deflect By Vaclav Prospal.
17:02 of 3rd period - Stopped by Henrik Lundqvist without a rebound.
17:03 of 3rd period - Joe Thornton wins face-off versus Vaclav Prospal in Canucks zone.
17:45 of 3rd period - Loui Eriksson is hit by Troy Brouwer and loses puck.
19:08 of 3rd period - Icing by T.J. Galiardi.
19:09 of 3rd period - Vaclav Prospal wins face-off versus Joe Thornton in Avalanche zone.
19:09 of 3rd period - Vaclav Prospal is hit by David Backes.
19:26 of 3rd period - Minor Penalty to David Backes for Tripping.
19:27 of 3rd period - Troy Brouwer wins face-off versus Jay McClement in Canucks zone.


Output by the SimonT Hockey Simulator (STHS) for Stephane Roy -- Original Page W3C XHTML 1.0 Valid